← All builds
Suicide front / Armada / Factory first / OBSERVED BUILD

Standard suicide front

Armada Suicide front build order · Supreme Isthmus

The role's baseline: Bot Lab at 0:21 then straight into reclaim-fed T1 bot production to contest the middle and hold until T2 arrives, with an Advanced Metal Extractor around 9:45.

#rush · 2093 distinct matches · 240 players · 72% of Armada Suicide front games · team won 59% of 2473 · Recently observed

HOW TO PLAY IT

Key timing: Bot Lab by 0:20

  1. Open with mex and lab-first to get Bot Lab up by 0:20.
  2. Expand mex and wind while lab pumps units toward middle.
  3. Push Sentry and early Rocketeer, Centurion to contest middle.
  4. Get T2 constructor out once Pond's boost lets you spare metal.
  5. Upgrade mex to Advanced Metal Extractor as you transition off T1 spam.

Phase by phase

TYPICAL OF ITS 2093 GAMES
  1. 1
  2. 2
  3. 3
PLAY THE OPENING

Follow the example game's first 6:00 step by step: what to build now, what comes next, and where it goes. At 1× it keeps pace with your own game.

  1. 1

    Bot Lab first

    Order
    1. Bot LabBot Lab done ~0:26, middle half 0:20–0:33

    Some games also: mex (45%)

  2. 2

    Bot Lab to 5:00

    Economy
    • Metal Extractor5Mex
    • Wind Turbine4Wind
    Builders
    • Construction Bot3 Con bot
    • Lazarus2 Lazarus
    Army
    • Sentry4 Sentry
    • Rocketeer16 Rocketeer
    • Tick2 Tick
    • Centurion1 Centurion
    Other
    • Radar Tower1 Radar Tower

    Some games also: pawn (38%) · con turret (34%)

    By 5:00 in all: 5 mex · 4 wind

    The example game in this phase · 42 steps
    1. Wind
    2. TickTick ×2
    3. SentrySentry
    4. TickTick
    5. Construction BotCon bot
    6. Mex
    7. Wind
    8. LazarusLazarus
    9. CenturionCenturion
    10. Mex
    11. Construction BotCon bot
    12. CenturionCenturion
    13. Mex
    14. SentrySentry
    15. CenturionCenturion
    16. Mex
    17. Construction BotCon bot
    18. SentrySentry
    19. Wind
    20. SentrySentry
    21. RocketeerRocketeer
    22. SentrySentry
    23. RocketeerRocketeer
    24. Wind
    25. RocketeerRocketeer
    26. SentrySentry
    27. RocketeerRocketeer ×2
    28. Wind
    29. RocketeerRocketeer
    30. SentrySentry
    31. RocketeerRocketeer
    32. Wind
    33. RocketeerRocketeer
    34. SentrySentry
    35. RocketeerRocketeer
    36. Wind
    37. RocketeerRocketeer ×2
    38. CenturionCenturion
    39. SentrySentry
    40. Wind
    41. TickTick
    42. CenturionCenturion
  3. 3

    5:00 to 10:00

    Economy
    • Metal Extractor1Mex
    • Wind Turbine15Wind
    Builders
    • Construction Turret2 Con turret
    • Lazarus2 Lazarus
    • Construction Bot1 Con bot
    Army
    • Sentry1 Sentry
    • Rocketeer8 Rocketeer

    Some games also: pawn (48%) · Radar Tower (46%) · tick (44%) · centurion (44%) · energy storage (42%) · eat Bot Lab (31%)

    By 10:00 in all: 6 mex · 21 wind · 1 energy storage · 2 con turret

    The example game in this phase · 109 steps
    1. Wind
    2. SentrySentry
    3. Wind
    4. CenturionCenturion
    5. Wind
    6. Mex
    7. LazarusLazarus
    8. Wind
    9. LazarusLazarus ×2
    10. TickTick ×6
    11. CenturionCenturion
    12. SentrySentry
    13. RocketeerRocketeer
    14. SentrySentry
    15. RocketeerRocketeer
    16. GauntletGauntletdone 8:49
    17. RocketeerRocketeer ×4
    18. CenturionCenturion
    19. Con turret
    20. CenturionCenturion
    21. Con turret
    22. Mex
    23. Dragon's TeethDragon's Teeth
    24. Sneaky PeteSneaky Pete
    25. CenturionCenturion ×2
    26. Wind
    27. CenturionCenturion
    28. Wind ×2
    29. CenturionCenturion
    30. Wind
    31. CenturionCenturion
    32. Wind
    33. CenturionCenturion
    34. Wind
    35. TickTick ×2
    36. Wind
    37. TickTick ×2
    38. Dragon's TeethDragon's Teeth
    39. Con turret
    40. Dragon's TeethDragon's Teeth
    41. TickTick
    42. Dragon's TeethDragon's Teeth ×2
    43. TickTick
    44. Wind
    45. Dragon's TeethDragon's Teeth
    46. TickTick ×4
    47. Wind
    48. TickTick ×2
    49. Construction BotCon bot
    50. Wind
    51. Construction BotCon bot
    52. Wind
    53. Con turret
    54. Wind
    55. TickTick ×4
    56. Wind
    57. TickTick ×3
    58. BeamerBeamer
    59. TickTick
    60. Wind
    61. TickTick ×4
    62. Converter
    63. BeamerBeamer
    64. TickTick
    65. Wind
    66. TickTick ×3
    67. Wind
    68. TickTick ×4
    69. Wind
    70. TickTick ×3
    71. Converter
    72. TickTick
    73. Wind
    74. TickTick ×3
    75. Wind
    76. TickTick ×3
    77. Converter
    78. Dragon's TeethDragon's Teeth
    79. Wind
    80. TickTick
    81. Dragon's TeethDragon's Teeth ×2
    82. TickTick
    83. Dragon's TeethDragon's Teeth
    84. TickTick
    85. Dragon's TeethDragon's Teeth
    86. TickTick
    87. Dragon's TeethDragon's Teeth
    88. Wind
    89. TickTick
    90. Converter
    91. TickTick ×2
    92. PawnPawn ×2
    93. Wind
    94. PawnPawn ×2
    95. Converter
    96. PawnPawn
    97. Wind
    98. Dragon's TeethDragon's Teeth
    99. PawnPawn
    100. Dragon's TeethDragon's Teeth ×2
    101. PawnPawn
    102. Dragon's TeethDragon's Teeth ×2
    103. PawnPawn
    104. Dragon's TeethDragon's Teeth
    105. Wind
    106. Converter
    107. PawnPawn ×4
    108. Wind
    109. PawnPawn

Counts are medians over the build's games: half of them build more, half fewer. The example game is theflyingpancake's (32 OS, 06/09/2026); pick another.

Team trades

IN AT LEAST 30% OF ITS GAMES

You hand over

Nothing regular.

You get

  • Tidal Generator4 Tidal from Pondfirst at 0:11 · in 68% of games
  • Advanced Construction Bot1 T2 con bot from Geo or Techfirst at 7:42 · in 57% of games

How it plays out

Typical game of this build, running totals by minute

Metal produced

010k20k
0:005:0010:0015:00

metal

Enemy metal destroyed

05k10k
0:005:0010:0015:00

metal

Own metal lost

05k10k
0:005:0010:0015:00

metal

2473 games.

Show as table
ByMetal produced: This buildEnemy metal destroyed: This buildOwn metal lost: This build
1:0023000
2:0088700
3:002007189130
4:003110642502
5:0041861352996
6:00535021851698
7:00654430602581
8:00775239403488
9:00903347074363
10:001039653205143
11:001186058605952
12:001355464236646
13:001537568757429
14:001728575038209
15:001924781038976
WHAT THE NUMBERS SAY

Standard Suicide front play wins a bit over half its games while taking the heaviest own losses of any role by 15:00.

  • + Produces 20142 metal by 15:00, highest of the front roles.
  • + First kill by 2:01 in all games, fastest contest of middle.
  • − Own metal lost hits 9178 by 15:00, more than enemy metal destroyed.
  • − Only 34% Rocketeer share shows army spread thin across many bot types.
THE EXAMPLE YOU ARE READING

theflyingpancake

32.3 OS · 06/09/2026

Open source match ↗

18 received units
686 metal received · 2754 energy received

Allied construction assistance is unknown. Timings are observations, not a promise of solo reproducibility.

Typical milestones

Bot Lab0:26Middle 50%: 0:20–0:33 · n=2465
Advanced Metal Extractor9:47Middle 50%: 8:50–10:59 · n=1785

Played most by

_X_265games of this buildPlatinumBlonde188games of this buildXad165games of this buildTrapCaT111games of this buildImmort80games of this build
Standard suicide front · Armada Suicide front build order · BAR Build Atlas